Map: Ice and Chrome LE

Players

TLHarstem (Harstem) - Winner!

  • Race: Protoss Protoss
  • League: Master
  • Spawn Location: 1:00

ShaDoWn

  • Race: Protoss Protoss
  • Spawn Location: 7:00

Event: DreamHack SC2 Masters 2020 Summer Europe

VOD

Have the link to the VOD?

Description

Time

  • Played on: June 26, 2020, 10:58 a.m.
  • Length: 20:31

All games in this series

Show
View Real Time Build Order
Export as new Build Order

TLHarstem Protoss - Winner!

Build Orders: Oracle Opening 

Get SALT Encoding   

  12  0:00  Probe  
  13  0:13  Probe  
  14  0:17  Pylon  
  14  0:24  Probe  
  15  0:32  Probe  
  15  0:38  Gateway  
  15  0:40  Probe  
  16  0:47  Assimilator  
  17  0:51  Probe  
  17  0:56  Assimilator  
  18  1:02  Probe  
  19  1:09  Gateway  
  19  1:10  Probe  
  19  1:18  Probe  
  21  1:25  Cybernetics Core  
  21  1:29  Probe  
  22  1:35  Pylon  
  22  1:42  Probe  
  23  1:54  Probe  
  24  2:02  Stalker x2, Warp Gate  
  28  2:11  Pylon  
  28  2:32  Sentry  
  30  2:38  Stalker  
  32  2:47  Nexus  
  32  2:50  Pylon  
  32  2:52  Probe  
  33  3:02  Shield Battery  
  33  3:04  Probe  
  35  3:17  Probe  
  35  3:20  Stargate  
  35  3:25  Shield Battery  
  33  3:28  Shield Battery  
  33  3:29  Probe  
  34  3:34  Stalker  
  34  3:41  Probe  
  37  3:53  Stalker, Probe  
  37  3:54  Oracle  
  40  4:00  Probe  
  41  4:05  Probe  
  45  4:11  Shield Battery  
  45  4:12  Probe  
  45  4:14  Sentry  
  47  4:17  Probe  
  43  4:29  Probe  
  43  4:38  Probe  
  43  4:43  Probe  
  43  4:45  Oracle  
  44  4:50  Probe  
  45  4:57  Probe  
  45  4:58  Probe  
  49  5:06  Probe  
  50  5:10  Probe  
  50  5:11  Adept x2  
  56  5:16  Probe  
  56  5:19  Probe  
  57  5:24  Probe  
  57  5:27  Probe  
  59  5:29  Robotics Facility  
  59  5:30  Forge  
  59  5:32  Probe  
  60  5:36  Probe  
  60  5:38  Pylon  
  62  5:43  Pylon  
  62  5:54  Pylon  
  62  5:56  Probe x2  
  64  5:57  Pylon  
  64  6:08  Probe x2  
  66  6:15  Protoss Ground Weapons Level 1  
  64  6:18  Robotics Bay  
  64  6:19  Assimilator, Probe  
  64  6:20  Probe  
  64  6:25  Assimilator  
  64  6:26  Gateway  
  64  6:27  Probe  
  64  6:28  Gateway  
  64  6:32  Probe  
  66  6:35  Probe  
  67  6:48  Gateway, Twilight Council  
  67  6:52  Gateway  
  67  6:53  Disruptor  
  67  7:07  Nexus  
  70  7:12  Pylon  
  70  7:13  Probe  
  71  7:18  Disruptor  
  71  7:23  Probe  
  71  7:25  Blink  
  75  7:31  Pylon  
  75  7:32  Stalker  
  77  7:42  Gateway  
  77  7:43  Gateway  
  77  7:44  Probe  
  77  7:45  Shield Battery  
  77  7:47  Disruptor  
  77  7:48  Probe  
  79  7:55  Shield Battery  
  79  7:56  Probe  
  83  8:02  Probe  
  83  8:03  Photon Cannon  
  84  8:08  Probe  
  85  8:14  Probe  
  85  8:16  Stalker x2  
  90  8:20  Probe  
  90  8:24  Shield Battery  
  90  8:26  Stalker  
  94  8:28  Stalker  
  94  8:31  Probe  
  94  8:33  Stalker  
  98  8:37  Shield Battery  
  98  8:40  Stalker  
  100  8:42  Stalker, Protoss Ground Weapons Level 2  
  100  8:46  Disruptor  
  102  8:48  Stalker  
  107  8:57  Stalker x2  
  107  9:01  Stalker  
  113  9:06  Stalker  
  113  9:12  Probe  
  113  9:13  Stalker x2  
  116  9:17  Probe  
  116  9:19  Pylon  
  115  9:30  Probe  
  116  9:31  Disruptor, Assimilator  
  116  9:32  Probe  
  116  9:36  Shield Battery  
  116  9:37  Assimilator  
  121  9:39  Pylon  
  121  9:41  Photon Cannon  
  121  9:42  Pylon, Probe  
  121  10:03  Charge  
  121  10:04  Dark Shrine  
  121  10:06  Nexus  
  121  10:07  Photon Cannon  
  121  10:08  Stalker  
  123  10:15  Stalker x2  
  127  10:28  Stalker x3  
  133  10:30  Probe  
  133  10:34  Pylon  
  134  10:38  Assimilator  
  134  10:42  Assimilator, Probe  
  135  10:45  Disruptor  
  135  10:47  Probe  
  136  10:50  Stalker x3  
  136  10:53  Probe  
  144  10:57  Stalker  
  144  10:58  Stalker  
  144  11:01  Pylon  
  148  11:13  Protoss Ground Weapons Level 3  
  148  11:14  Probe  
  148  11:15  Photon Cannon  
  148  11:18  Dark Templar, Shield Battery  
  149  11:25  Dark Templar  
  149  11:26  Photon Cannon, Dark Templar  
  153  11:37  Stalker x3  
  159  11:44  Dark Templar x2  
  154  11:56  Probe  
  154  11:57  Dark Templar, Probe  
  154  11:59  Probe  
  156  12:05  Photon Cannon, Probe x2  
  157  12:08  Photon Cannon, Probe  
  157  12:12  Observer  
  160  12:16  Probe  
  162  12:27  Photon Cannon  
  162  12:31  Photon Cannon  
  162  12:35  Probe x2  
  161  12:38  Photon Cannon, Disruptor, Pylon  
  161  12:41  Shield Battery  
  162  12:47  Phoenix  
  162  12:49  Probe  
  163  12:54  Probe x3  
  168  12:58  Stalker x3  
  168  12:59  Stalker x2  
  168  13:01  Pylon, Probe  
  179  13:07  Gravitic Drive  
  179  13:09  Warp Prism  
  179  13:12  Pylon, Probe  
  180  13:19  Probe  
  183  13:20  Pylon  
  183  13:28  Pylon  
  183  13:29  Pylon  
  183  13:32  Dark Templar, Stalker x2  
  183  13:33  Dark Templar, Zealot  
  189  13:51  Disruptor  
  189  13:53  Probe  
  189  13:55  Probe, Robotics Facility  
  190  13:56  Probe  
  192  14:04  Nexus  
  189  14:14  Dark Templar  
  189  14:15  Dark Templar x2, Zealot x2  
  199  14:22  Dark Templar, Stalker  
  194  14:31  Protoss Shields Level 1  
  192  14:36  Disruptor  
  192  14:38  Probe  
  191  14:40  Zealot x2  
  191  14:41  Probe  
  196  14:47  Dark Templar x2  
  198  14:56  Stalker  
  198  14:59  Pylon  
  200  15:03  Photon Cannon  
  198  15:08  Pylon  
  196  15:15  Nexus  
  196  15:18  Disruptor  
  199  15:22  Fleet Beacon  
  199  15:25  Stargate  
  199  15:27  Protoss Air Weapons Level 1  
  199  15:28  Pylon  
  183  15:37  Disruptor  
  183  15:38  Dark Templar x2  
  183  15:39  Dark Templar, Zealot  
  189  15:45  Disruptor  
  189  15:51  Stalker x3  
  195  16:09  Probe  
  190  16:12  Observer  
  190  16:14  Stalker x4  
  199  16:20  Observer  
  199  16:21  Gravitic Boosters  
  199  16:22  Mothership  
  198  16:27  Pylon  
  200  16:34  Pylon  
  200  16:35  Observer  
  197  16:44  Nexus  
  197  16:45  Pylon  
  198  16:47  Pylon  
  198  16:57  Dark Templar, Pylon  
  196  17:13  Dark Templar  
  196  17:14  Zealot  
  198  17:23  Dark Templar  
  198  17:25  Photon Cannon  
  198  17:27  Photon Cannon  
  198  17:29  Photon Cannon  
  191  17:31  Photon Cannon  
  191  17:33  Observer, Shield Battery  
  191  17:34  Shield Battery  
  188  17:40  Stalker x3  
  188  17:41  Dark Templar x2  
  188  17:43  Shield Battery  
  190  17:44  Photon Cannon  
  190  17:49  Dark Templar  
  190  17:54  Photon Cannon, Pylon  
  190  17:57  Stalker  
  192  18:02  Probe  
  189  18:06  Stalker x3  
  191  18:18  Probe  
  189  18:20  Stalker x3  
  187  18:40  Stalker x4  
  195  18:45  Stalker x2  
  199  18:49  Photon Cannon  
  199  18:52  Shield Battery  
  199  18:55  Photon Cannon x2, Dark Templar  
  197  19:02  Disruptor x2  
  182  19:04  Stalker x4  
  182  19:05  Probe  
  167  19:15  Pylon  
  167  19:16  Stalker x2  
  166  19:26  Probe x2  
  166  19:28  Dark Templar x2, Zealot x3  
  166  19:29  Pylon  
  169  19:37  Disruptor  
  169  19:38  Disruptor  
  175  19:41  Zealot x2  
  179  19:46  Probe  
  179  19:54  Zealot x2  
  179  19:55  Zealot  
  177  20:10  Dark Templar  
  177  20:11  Zealot x3  
  191  20:19  Zealot x3  
Show
View Real Time Build Order
Export as new Build Order

ShaDoWn Protoss 

Build Orders: Zealot Archon 

Get SALT Encoding   

  12  0:00  Probe  
  13  0:13  Probe  
  14  0:17  Pylon  
  14  0:23  Probe  
  15  0:32  Probe  
  15  0:37  Gateway  
  15  0:40  Probe  
  16  0:45  Assimilator  
  17  0:51  Probe  
  17  0:55  Assimilator  
  18  0:59  Probe  
  19  1:07  Gateway, Probe  
  19  1:17  Probe  
  20  1:23  Cybernetics Core  
  21  1:29  Probe  
  22  1:33  Pylon  
  22  1:41  Probe  
  23  1:51  Warp Gate  
  23  1:54  Probe  
  24  1:59  Adept x2  
  28  2:09  Pylon  
  28  2:29  Adept x2  
  32  2:43  Nexus  
  31  2:46  Probe  
  32  2:59  Adept x2  
  32  3:05  Probe  
  37  3:13  Pylon  
  37  3:17  Probe  
  38  3:22  Robotics Facility  
  38  3:29  Probe  
  39  3:38  Adept x2  
  39  3:41  Probe  
  44  3:50  Probe  
  44  3:52  Probe  
  45  3:58  Forge, Probe  
  45  4:01  Sentry x2  
  51  4:03  Probe  
  51  4:07  Probe  
  52  4:10  Observer  
  54  4:20  Probe  
  54  4:21  Shield Battery  
  54  4:22  Probe  
  54  4:28  Stalker  
  54  4:29  Stalker  
  56  4:32  Probe x2  
  58  4:40  Probe  
  58  4:43  Twilight Council  
  58  4:44  Probe  
  60  4:46  Protoss Ground Weapons Level 1  
  60  4:49  Probe  
  61  4:56  Probe  
  61  4:58  Pylon  
  62  5:04  Assimilator  
  62  5:05  Assimilator  
  62  5:10  Probe x2  
  62  5:14  Pylon  
  62  5:20  Templar Archives, Charge  
  58  5:22  Probe x2  
  58  5:33  Stalker, Phoenix  
  61  5:41  Shield Battery  
  60  5:47  Gateway  
  60  5:48  Gateway  
  60  5:52  Stalker  
  62  6:04  Gateway  
  62  6:07  Stalker  
  63  6:13  Probe  
  63  6:14  Probe  
  62  6:22  Warp Prism  
  64  6:28  Gateway x2  
  64  6:30  Gateway  
  64  6:36  Probe x2  
  64  6:38  Nexus  
  63  6:48  Probe, Protoss Ground Weapons Level 2  
  63  6:51  High Templar x4  
  72  6:55  Archon  
  72  6:56  Archon  
  72  6:58  Probe  
  72  7:00  Probe, Pylon  
  74  7:08  Immortal  
  78  7:15  Pylon  
  78  7:18  Probe x2  
  78  7:19  Gateway  
  80  7:27  Pylon  
  80  7:30  Probe  
  81  7:37  Pylon  
  81  7:46  High Templar  
  81  7:47  High Templar  
  81  7:48  Zealot x5  
  95  7:52  Archon  
  95  7:58  Photon Cannon  
  95  8:01  Zealot  
  95  8:03  Probe x3  
  100  8:10  High Templar x2  
  104  8:14  Archon  
  104  8:15  Probe x2  
  104  8:16  Zealot x3  
  112  8:27  Zealot  
  112  8:30  Zealot x2  
  112  8:32  Pylon  
  118  8:42  Pylon  
  118  8:43  High Templar x2, Zealot  
  118  8:47  Archon  
  124  8:50  Pylon  
  124  8:53  Zealot x4  
  116  9:04  Zealot x2  
  112  9:10  Warp Prism  
  112  9:11  Probe  
  112  9:12  Probe x2  
  115  9:17  Assimilator x2  
  115  9:20  Robotics Bay  
  115  9:22  Robotics Facility  
  115  9:24  Probe x3  
  113  9:25  Protoss Ground Weapons Level 3  
  113  9:26  Pylon  
  112  9:36  Probe x2  
  112  9:37  Dark Shrine  
  112  9:38  Photon Cannon  
  114  9:50  Pylon  
  114  9:53  Stalker x2  
  114  9:55  Nexus  
  114  9:57  Stalker  
  120  10:05  Disruptor, Blink, Pylon  
  120  10:06  Colossus  
  125  10:36  Shield Battery, Probe  
  125  10:37  Photon Cannon  
  125  10:41  Disruptor  
  129  10:49  Probe x2  
  129  10:51  Stalker  
  129  10:52  Stalker  
  131  10:57  Dark Templar x3  
  131  10:58  Zealot x3  
  131  11:00  Probe  
  144  11:06  Disruptor  
  144  11:11  Probe  
  148  11:14  Probe  
  148  11:15  Assimilator  
  148  11:16  Pylon, Probe  
  148  11:17  Disruptor  
  148  11:18  Probe  
  152  11:19  Zealot x3  
  156  11:33  Zealot x4  
  156  11:35  Probe  
  156  11:37  Disruptor  
  163  11:44  Disruptor  
  165  11:48  Probe  
  165  11:50  Probe  
  165  11:53  Probe  
  166  11:58  Zealot x7  
  166  11:59  Probe  
  181  12:06  Photon Cannon  
  181  12:08  Observer  
  181  12:13  Assimilator  
  182  12:18  Disruptor  
  185  12:26  Photon Cannon  
  185  12:28  Shield Battery  
  185  12:29  Observer  
  186  12:34  Nexus  
  186  12:36  Pylon  
  174  12:40  Protoss Shields Level 1  
  174  12:42  Shadow Stride  
  166  12:50  Disruptor  
  169  12:57  Observer  
  170  13:02  Probe  
  169  13:14  Stalker x8  
  169  13:18  Photon Cannon  
  185  13:20  Photon Cannon  
  185  13:22  Shield Battery  
  185  13:25  Probe  
  185  13:26  Disruptor  
  187  13:27  Probe  
  188  13:37  Pylon, Stargate  
  188  13:39  Pylon  
  186  13:49  Pylon  
  186  13:50  Probe  
  187  13:56  Probe x3  
  187  14:01  Photon Cannon, Disruptor  
  193  14:02  Stalker  
  193  14:03  Photon Cannon, Stalker x2  
  186  14:38  Observer x2  
  186  14:39  Stalker x3, Protoss Air Weapons Level 1  
  186  14:40  Stalker x4  
  200  14:46  Shield Battery  
  200  14:47  Pylon  
  200  14:48  Assimilator x2  
  196  14:53  Pylon  
  196  15:00  Oracle  
  193  15:16  Stalker x3  
  189  15:42  Disruptor x2  
  195  15:45  Photon Cannon, Pylon  
  195  15:53  Stalker x4  
  200  15:57  Nexus  
  200  16:01  Nexus  
  172  16:17  Disruptor x2  
  172  16:18  Stalker x7  
  178  16:19  Stalker  
  178  16:22  Pylon  
  180  16:28  Probe  
  180  16:32  Gateway x3  
  173  16:41  Stalker x8  
  181  16:53  Photon Cannon  
  181  16:54  Photon Cannon  
  181  16:56  Photon Cannon  
  181  16:57  Assimilator  
  181  16:58  Shield Battery  
  181  17:01  Stalker  
  181  17:02  Assimilator  
  181  17:08  Observer  
  175  17:13  Stalker x2  
  175  17:14  Stalker x6  
  188  17:22  Observer  
  183  17:30  Disruptor  
  183  17:32  Stalker x3  
  183  17:33  Stalker  
  183  17:36  Disruptor  
  183  17:37  Zealot  
  183  17:38  Zealot x7  
  183  17:43  Observer  
  183  17:44  Pylon  
  150  17:53  Oracle  
  150  17:56  Disruptor  
  143  18:00  Stalker x4  
  143  18:01  Stalker x8  
  143  18:05  Disruptor  
  129  18:35  Stalker x7  
  125  18:48  Stalker x2  
  102  19:16  Stalker x4  
  109  19:22  Probe  
  109  19:23  Probe  
  108  19:28  Pylon  
  104  19:47  Stalker x2  
Tags
 
Add a new tag
Caveats
  • Supply blocks, unpowered buildings, or Contaminate may cause inaccurate times.
  • Supply counts are checked every 10 seconds.